 Dungeon Crawl Stone Soup version 0.25-a0-10-g2fe12d4386 (webtiles) character file.

Game seed: 1775204031580168405, levelgen mode: deterministic

431 DEFE the Cudgeler (level 7, -2/41 HPs)
             Began as a Gargoyle Fighter on Oct 15, 2019.
             Slain by an ogre
             ... wielding a +0 giant club
              (19 damage)
             ... on level 4 of the Dungeon.
             The game lasted 00:03:51 (3767 turns).

DEFE the Cudgeler (Gargoyle Fighter)                Turns: 3767, Time: 00:03:52

Health: -2/41      AC: 12    Str: 22    XL:     7   Next: 0%
Magic:  7/7        EV:  7    Int:  8    God:
Gold:   222        SH:  9    Dex:  9    Spells: 6/6 levels left

rFire    . . .     SeeInvis .   a - +0 flail
rCold    . . .     Gourm    .   c - +0 shield
rNeg     + . .     Faith    .   b - +0 scale mail
rPois    ∞         Spirit   .   (no helmet)
rElec    +         Reflect  .   (no cloak)
rCorr    .         Harm     .   (no gloves)
MR       .....                  r - +0 pair of boots
Stlth    ..........             (no amulet)
HPRegen  0.13/turn              (no ring)
MPRegen  0.10/turn              (no ring)

@: no status effects
A: negative energy resistance 1, electricity resistance, unbreathing,
petrification resistance, rot immunity, AC +4
a: no special abilities


You were on level 4 of the Dungeon.
You were very hungry.

You visited 1 branch of the dungeon, and saw 4 of its levels.

You collected 222 gold pieces.

Inventory:

Hand Weapons
 a - a +0 flail (weapon)
 m - a cursed -3 mace
Missiles
 y - 21 poisoned darts (quivered)
Armour
 b - a +0 scale mail (worn)
 c - a +0 shield (worn)
 e - a +0 cloak
 r - a +0 pair of boots (worn)
Jewellery
 n - an uncursed ring of flight {unknown}
Wands
 w - a wand of flame (10)
Scrolls
 h - a scroll of identify {unknown}
 p - a scroll of immolation
 q - a scroll of teleportation {unknown}
 t - a scroll of remove curse {unknown}
 u - a scroll of magic mapping {unknown}
 v - a scroll of enchant weapon {unknown}
 x - a scroll of fog {unknown}
Potions
 d - 2 potions of might
 g - 2 potions of haste {unknown}
 i - a potion of mutation {unknown}
 j - a potion of resistance {unknown}
 k - a potion of lignification {unknown}
 l - 3 potions of degeneration {unknown}
 o - a potion of heal wounds {unknown}
 s - a potion of cancellation {unknown}
Comestibles
 f - 8 rations


   Skills:
 - Level 3.2 Fighting
 + Level 7.2 Maces & Flails
 - Level 3.2 Armour
 - Level 3.2 Shields


You had 6 spell levels left.
You didn't know any spells.
Your spell library contained the following spells:

 Spells                   Type           Power        Failure   Level  Hunger
 Magic Dart               Conj           #...         99%         1    ##.....
 Blink                    Tloc           N/A          100%        2    ###....
 Call Imp                 Summ           #.......     100%        2    ###....
 Slow                     Hex            #.......     100%        2    ###....
 Conjure Flame            Conj/Fire      #.......     100%        3    ####...
 Mephitic Cloud           Conj/Pois/Air  #.......     100%        3    ####...


Dungeon Overview and Level Annotations

Branches:
Dungeon (4/15)
 Temple: D:4-7

Altars:
Cheibriados
Xom


Innate Abilities, Weirdness & Mutations

You are resistant to torment.
Your stone body is resilient. (AC +4)
You are immune to poison.
You resist negative energy. (rN+)
You are resistant to electric shocks. (rElec)
You can survive without breathing.
You are immune to petrification.
You are immune to rotting.


Message History

You take 1 damage, and have 40/41 hp.
You hit the ogre. The ogre hits you with a +0 giant club.
You take 6 damage, and have 34/41 hp.
You completely miss the ogre. The ogre closely misses you.
You hit the ogre. The ogre hits you with a +0 giant club.
You take 1 damage, and have 33/41 hp.
Your shield prevents you from hitting the ogre.
The ogre hits you with a +0 giant club.
You take 1 damage, and have 32/41 hp.
You hit the ogre. The ogre hits you with a +0 giant club!
You take 16 damage, and have 16/41 hp.
MASSIVE DAMAGE!!
You see here 22 poisoned darts.
y - 22 poisoned darts Throwing (i - inventory)
y - 22 poisoned darts (quivered)
Aim: an ogre, wielding a +0 giant club (heavily wounded)
You throw a poisoned dart. The poisoned dart hits the ogre.
The ogre is poisoned.
The ogre hits you with a +0 giant club!!
You die...

#...# #.##...#
.....########## #.##...######
..............# #.##.........
..............###.##.####....
..................##.# ##....
...............#####.###.....
.........<.....# #.#.......
............(..# #.#.##....
...........O@..# #.#.##....
.............(......[#.......
#####.%.......###############
###########


You could see an ogre.

Vanquished Creatures
  A sky beast (D:2)
  2 jellies (D:2)
  2 orc priests (D:3)
  Ijyb (D:4)
  2 worker ants (D:4)
  5 adders
  2 oozes (D:2)
  A dart slug (D:1)
  7 leopard geckos
  2 orcs (D:3)
  4 giant cockroaches
  11 goblins
  9 hobgoblins
  An iguana (D:2)
  8 jackals
  2 quokkas
  A ball python (D:3)
  7 bats
  5 frilled lizards
  6 kobolds
  9 rats
88 creatures vanquished.

Notes
Turn   | Place    | Note
-------+----------+-------------------------------------------
     0 | D:1      | DEFE the Gargoyle Fighter began the quest for the Orb.
     0 | D:1      | Reached XP level 1. HP: 14/14 MP: 1/1
   155 | D:1      | Reached XP level 2. HP: 8/19 MP: 2/2
   351 | D:1      | Reached skill level 3 in Maces & Flails
   808 | D:1      | Reached XP level 3. HP: 21/23 MP: 3/3
  1160 | D:2      | Reached skill level 4 in Maces & Flails
  1185 | D:2      | Found a snail-covered altar of Cheibriados.
  1231 | D:2      | Reached XP level 4. HP: 26/28 MP: 4/4
  1363 | D:2      | Found a shimmering altar of Xom.
  1475 | D:2      | Reached skill level 5 in Maces & Flails
  1475 | D:2      | Reached XP level 5. HP: 23/32 MP: 5/5
  2063 | D:3      | Noticed a sky beast
  2128 | D:2      | Killed a sky beast
  2128 | D:2      | Reached skill level 6 in Maces & Flails
  2128 | D:2      | Reached XP level 6. HP: 11/37 MP: 6/6
  3488 | D:4      | Reached skill level 7 in Maces & Flails
  3510 | D:4      | Noticed Ijyb
  3524 | D:4      | Killed Ijyb
  3533 | D:4      | Reached XP level 7. HP: 26/41 MP: 7/7
  3767 | D:4      | Slain by an ogre

Levels and vault maps discovered:
D:1:      roderic_crossed_star, layout_loops_corners,
          chequers_serial_rivers_small_a, minmay_hexomino_u4
D:2:      layout_basic, old_standard_altar, chequers_serial_rivers_marsh,
          roderic_nine_men_s_morris, st_stairs_5, kennysheep_decorative_pillar,
          dk_xom_monty_hall
D:3:      layout_basic, first_ration, minmay_misc_feat_rugged
D:4:      layout_basic, minmay_crystal_room, kennysheep_generic_room_7,
          uniq_ijyb

Skill      XL: |  1  2  3  4  5  6 |
---------------+-------------------+-----
Maces & Flails | 3 4 5 6 7 |  7.2
Fighting       | |  3.2
Armour         | |  3.2
Shields        | |  3.2

Action                   |  1- 3 |  4- 6 |  7- 9 || total
-------------------------+-------+-------+-------++-------
Melee: Flail             |   114 |   266 |     5 ||   385
Throw: Dart              |       |       |     1 ||     1
  Use: Scroll            |       |     1 |       ||     1
  Eat: Chunk             |     1 |     4 |       ||     5
       Ration            |       |     1 |       ||     1
Armor: Scale mail        |    58 |   162 |       ||   220
Dodge: Dodged            |    32 |    74 |     1 ||   107
Block: Shield            |    53 |   136 |       ||   189

Table legend:
 A = Non-vault XP
 B = Vault XP
 C = Vault XP percentage of total XP
 D = Non-vault monster count
 E = Vault monster count
 F = Vault count percentage of total count
                 A         B        C        D         E       F
            +---------+---------+-------+---------+---------+-------
      Total |     477 |     140 |  22.7 |      76 |      12 |  13.6
            +---------+---------+-------+---------+---------+-------
        D:1 |      25 |      12 |  32.4 |      14 |       5 |  26.3
        D:2 |     223 |      92 |  29.2 |      27 |       6 |  18.2
        D:3 |     146 |       0 |   0.0 |      32 |       0 |   0.0
        D:4 |      83 |      36 |  30.3 |       3 |       1 |  25.0
            +---------+---------+-------+---------+---------+-------
